| TOP OF THE 1ST |
|
Great Lakes Loons batting - Pitching for Augusta GreenJackets : LHP Mike del Rio
|
|
Pitching: LHP Mike del Rio
|
|
|
Batting: RHB Theo Schepers
|
0-0: Called Strike 0-1: Fly out, F3 (Popup, 3F, EV 78.8 MPH)
|
|
Batting: SHB Todd Hewitt
|
0-0: Foul Ball, location: 2F 0-1: DOUBLE (Flyball, 8RXD, EV 101.2 MPH)
|
|
Batting: RHB Manny Mendoza
|
0-0: Called Strike 0-1: Foul Ball, location: 2F 0-2: Ball 1-2: Strikes out swinging
|
|
Batting: RHB Blake Beale
|
0-0: Swinging Strike 0-1: Foul Ball, location: 2F 0-2: Strikes out looking
|
| Top of the 1st over - 0 runs, 1 hit, 0 errors, 1 left on base; Great Lakes 0 - Augusta 0 |
| BOTTOM OF THE 1ST |
|
Augusta GreenJackets batting - Pitching for Great Lakes Loons : RHP Arturo Naranjo
|
|
Pitching: RHP Arturo Naranjo
|
|
|
Batting: RHB Yutaka Oki
|
0-0: Called Strike 0-1: SINGLE (Groundball, 34, EV 100.6 MPH)
|
|
Batting: RHB Miguel Gonzalez
|
0-0: Ball 1-0: Ball 2-0: Called Strike 2-1: Ball 3-1: Swinging Strike 3-2: Foul Ball, location: 2F 3-2: Base on Balls Yutaka Oki to second
|
|
Batting: RHB Adam Solesbee
|
0-0: Ball 1-0: Swinging Strike 1-1: Ball Wild Pitch! Yutaka Oki to third Miguel Gonzalez to second 2-1: Foul Ball, location: 2F 2-2: Ball 3-2: Strikes out swinging
|
|
Batting: LHB Tony Galvan
|
0-0: Ball 1-0: Swinging Strike 1-1: Foul Ball, location: 2F 1-2: Strikes out swinging
|
|
Batting: RHB Justin Baldwin
|
0-0: Swinging Strike 0-1: DOUBLE (Line Drive, 78D, EV 107.5 MPH) Yutaka Oki scores Miguel Gonzalez scores
|
|
Batting: LHB John Whitman
|
0-0: SINGLE (Groundball, 4MD, EV 93.8 MPH) Justin Baldwin to third Runner from 3rd tries for Home, SAFE, throw by CF to home John Whitman to second
|
|
Batting: LHB James Wheaton
|
0-0: Ground out U3 (Groundball, 3, EV 77.5 MPH)
|
| Bottom of the 1st over - 3 runs, 3 hits, 0 errors, 1 left on base; Great Lakes 0 - Augusta 3 |
| TOP OF THE 2ND |
|
Great Lakes Loons batting - Pitching for Augusta GreenJackets : LHP Mike del Rio
|
|
Batting: RHB Ryan Alban
|
0-0: Ball 1-0: Called Strike 1-1: Called Strike 1-2: Foul Ball, location: 2F 1-2: Ball 2-2: Ball 3-2: Strikes out swinging
|
|
Batting: LHB Stephen Van Raalte
|
0-0: Called Strike 0-1: Ball 1-1: Foul Ball, location: 2F 1-2: Foul Ball, location: 2F 1-2: Ball 2-2: Reached on error, E5 (Flyball, 56D, EV 93.1 MPH)
|
|
Batting: RHB Trevor Conklin
|
0-0: Ball 1-0: Fly out, F6 (Line Drive, 56, EV 71.9 MPH)
|
|
Batting: RHB Devon Fourcade
|
0-0: Ball 1-0: Called Strike 1-1: Called Strike 1-2: Fielders Choice at 2nd, 6-4 (Groundball, 6, EV 86.2 MPH)
|
| Top of the 2nd over - 0 runs, 0 hits, 1 error, 1 left on base; Great Lakes 0 - Augusta 3 |
| BOTTOM OF THE 2ND |
|
Augusta GreenJackets batting - Pitching for Great Lakes Loons : RHP Arturo Naranjo
|
|
Batting: RHB Devin Lowery
|
0-0: Ground out 6-3 (Groundball, 6M, EV 103.8 MPH)
|
|
Batting: RHB Mike Jones
|
0-0: Hit by Pitch
|
|
Batting: RHB Yutaka Oki
|
0-0: Ball 1-0: Called Strike 1-1: Ground out 6-3 (Groundball, 6, EV 96.9 MPH) Mike Jones to second
|
|
Batting: RHB Miguel Gonzalez
|
0-0: Ball 1-0: Foul Ball, location: 2F 1-1: Foul Ball, location: 2F 1-2: Foul Ball, location: 2F 1-2: Ball 2-2: Foul Ball, location: 2F 2-2: Ground out 6-3 (Groundball, 6, EV 87.5 MPH)
|
| Bottom of the 2nd over - 0 runs, 0 hits, 0 errors, 1 left on base; Great Lakes 0 - Augusta 3 |
| TOP OF THE 3RD |
|
Great Lakes Loons batting - Pitching for Augusta GreenJackets : LHP Mike del Rio
|
|
Batting: RHB Roberto Monzon
|
0-0: Ball 1-0: Called Strike 1-1: Foul Ball, location: 2F 1-2: Strikes out looking
|
|
Batting: RHB Theo Schepers
|
0-0: Ground out U3 (Groundball, 34S, EV 71.2 MPH)
|
|
Batting: SHB Todd Hewitt
|
0-0: Ball 1-0: Ball 2-0: Fly out, F9 (Line Drive, 9D, EV 83.1 MPH)
|
| Top of the 3rd over - 0 runs, 0 hits, 0 errors, 0 left on base; Great Lakes 0 - Augusta 3 |
| BOTTOM OF THE 3RD |
|
Augusta GreenJackets batting - Pitching for Great Lakes Loons : RHP Arturo Naranjo
|
|
Batting: RHB Adam Solesbee
|
0-0: Ball 1-0: Ball 2-0: Ball 3-0: Called Strike 3-1: Called Strike 3-2: Foul Ball, location: 2F 3-2: Ground out 5-3 (Groundball, 56S, EV 65.6 MPH)
|
|
Batting: LHB Tony Galvan
|
0-0: Ball 1-0: Foul Ball, location: 2F 1-1: Ground out 4-3 (Groundball, 13, EV 85.0 MPH)
|
|
Batting: RHB Justin Baldwin
|
0-0: Ball 1-0: Called Strike 1-1: Ball 2-1: Ball 3-1: SINGLE (Line Drive, 9S, EV 103.1 MPH)
|
|
Batting: LHB John Whitman
|
0-0: Ball 1-0: Foul Ball, location: 2F 1-1: Ball 2-1: Ground out 4-3 (Groundball, 4S, EV 92.5 MPH)
|
| Bottom of the 3rd over - 0 runs, 1 hit, 0 errors, 1 left on base; Great Lakes 0 - Augusta 3 |
| TOP OF THE 4TH |
|
Great Lakes Loons batting - Pitching for Augusta GreenJackets : LHP Mike del Rio
|
|
Batting: RHB Manny Mendoza
|
0-0: Swinging Strike 0-1: Ball 1-1: Ball 2-1: Ground out 2-3 (Groundball, 15S, EV 68.8 MPH)
|
|
Batting: RHB Blake Beale
|
0-0: Ball 1-0: Called Strike 1-1: SINGLE (Line Drive, 34D, EV 103.1 MPH)
|
|
Batting: RHB Ryan Alban
|
0-0: Called Strike Passed Ball! Blake Beale to second 0-1: Ball 1-1: Foul Ball, location: 2F 1-2: Foul Ball, location: 2F 1-2: Foul Ball, location: 2F 1-2: Foul Ball, location: 2F 1-2: Foul Ball, location: 2F 1-2: Strikes out swinging
|
|
Batting: LHB Stephen Van Raalte
|
0-0: Ball 1-0: Foul Ball, location: 2F 1-1: Swinging Strike 1-2: Ball 2-2: Strikes out swinging
|
| Top of the 4th over - 0 runs, 1 hit, 0 errors, 1 left on base; Great Lakes 0 - Augusta 3 |
| BOTTOM OF THE 4TH |
|
Augusta GreenJackets batting - Pitching for Great Lakes Loons : RHP Arturo Naranjo
|
|
Batting: LHB James Wheaton
|
0-0: Ball 1-0: Foul Ball, location: 2F 1-1: Swinging Strike 1-2: Strikes out swinging
|
|
Batting: RHB Devin Lowery
|
0-0: Called Strike 0-1: Ball 1-1: Foul Ball, location: 2F 1-2: Foul Ball, location: 2F 1-2: Foul Ball, location: 2F 1-2: Strikes out swinging
|
|
Batting: RHB Mike Jones
|
0-0: Ball 1-0: Ball 2-0: Ground out 6-3 (Groundball, 6MS, EV 66.2 MPH)
|
| Bottom of the 4th over - 0 runs, 0 hits, 0 errors, 0 left on base; Great Lakes 0 - Augusta 3 |
| TOP OF THE 5TH |
|
Great Lakes Loons batting - Pitching for Augusta GreenJackets : LHP Mike del Rio
|
|
Batting: RHB Trevor Conklin
|
0-0: Ball 1-0: Ball 2-0: Swinging Strike 2-1: Ground out 6-3 (Groundball, 6, EV 87.5 MPH)
|
|
Batting: RHB Devon Fourcade
|
0-0: Fly out, F4 (Popup, 34S, EV 81.9 MPH)
|
|
Batting: RHB Roberto Monzon
|
0-0: Ball 1-0: Foul Ball, location: 2F 1-1: Foul Ball, location: 2F 1-2: Strikes out looking
|
| Top of the 5th over - 0 runs, 0 hits, 0 errors, 0 left on base; Great Lakes 0 - Augusta 3 |
| BOTTOM OF THE 5TH |
|
Augusta GreenJackets batting - Pitching for Great Lakes Loons : RHP Arturo Naranjo
|
|
Batting: RHB Yutaka Oki
|
0-0: Ball 1-0: Ball 2-0: Ball 3-0: Base on Balls
|
|
Batting: RHB Miguel Gonzalez
|
0-0: Called Strike Yutaka Oki steals 2nd base 0-1: Ball 1-1: Fly out, F4 (Popup, 4M, EV 53.1 MPH)
|
|
Batting: RHB Adam Solesbee
|
0-0: DOUBLE (Groundball, 5L, EV 111.2 MPH) Yutaka Oki scores
|
|
Batting: LHB Tony Galvan
|
0-0: Intentional Walk
|
|
Batting: RHB Justin Baldwin
|
0-0: Called Strike 0-1: Swinging Strike 0-2: Ground out 5-3 (Groundball, 56S, EV 66.9 MPH) Adam Solesbee to third Tony Galvan to second
|
|
Batting: LHB John Whitman
|
0-0: Ground out U3 (Groundball, 3, EV 89.4 MPH)
|
| Bottom of the 5th over - 1 run, 1 hit, 0 errors, 2 left on base; Great Lakes 0 - Augusta 4 |
| TOP OF THE 6TH |
|
Great Lakes Loons batting - Pitching for Augusta GreenJackets : LHP Mike del Rio
|
|
Batting: RHB Theo Schepers
|
0-0: Ball 1-0: Ball 2-0: SINGLE (Line Drive, 34D, EV 109.4 MPH)
|
|
Batting: SHB Todd Hewitt
|
0-0: Ball 1-0: Called Strike 1-1: Ball 2-1: Ball 3-1: Base on Balls Theo Schepers to second
|
|
Batting: RHB Manny Mendoza
|
0-0: Called Strike 0-1: Foul Ball, location: 2F 0-2: Ball 1-2: Foul Ball, location: 2F 1-2: Strikes out looking
|
|
Batting: RHB Blake Beale
|
0-0: Called Strike 0-1: Called Strike Theo Schepers steals 3rd, throwing error, E2 Theo Schepers scores Todd Hewitt to third 0-2: Ball 1-2: Ground out 1-3 (Groundball, 13S, EV 71.9 MPH)
|
|
Batting: RHB Ryan Alban
|
0-0: Called Strike 0-1: Ball 1-1: Foul Ball, location: 2F 1-2: Strikes out swinging
|
| Top of the 6th over - 1 run, 1 hit, 1 error, 1 left on base; Great Lakes 1 - Augusta 4 |
| BOTTOM OF THE 6TH |
|
Augusta GreenJackets batting - Pitching for Great Lakes Loons : RHP Arturo Naranjo
|
|
Batting: LHB James Wheaton
|
0-0: Called Strike 0-1: Foul Ball, location: 2F 0-2: Ball 1-2: Foul Ball, location: 2F 1-2: Ball 2-2: Ball 3-2: Foul Ball, location: 2F 3-2: Foul Ball, location: 2F 3-2: Ground out 6-3 (Groundball, 6, EV 104.4 MPH)
|
|
Batting: RHB Devin Lowery
|
0-0: Ball 1-0: Fly out, F9 (Flyball, 9D, EV 87.5 MPH)
|
|
Batting: RHB Mike Jones
|
0-0: Ball 1-0: Ground out 2-3 (Groundball, 2L, EV 75.0 MPH)
|
| Bottom of the 6th over - 0 runs, 0 hits, 0 errors, 0 left on base; Great Lakes 1 - Augusta 4 |
| TOP OF THE 7TH |
|
Great Lakes Loons batting - Pitching for Augusta GreenJackets : LHP Mike del Rio
|
|
Pitching: RHP Brian Yinger
|
|
|
Batting: LHB Stephen Van Raalte
|
0-0: Ball 1-0: Foul Ball, location: 2F 1-1: Foul Ball, location: 2F 1-2: Foul Ball, location: 2F 1-2: Strikes out swinging
|
|
Batting: RHB Trevor Conklin
|
0-0: Called Strike 0-1: Ball 1-1: Foul Ball, location: 2F 1-2: Strikes out looking
|
|
Batting: RHB Devon Fourcade
|
0-0: Ball 1-0: Called Strike 1-1: Ball 2-1: Foul Ball, location: 2F 2-2: Strikes out swinging
|
| Top of the 7th over - 0 runs, 0 hits, 0 errors, 0 left on base; Great Lakes 1 - Augusta 4 |
| BOTTOM OF THE 7TH |
|
Augusta GreenJackets batting - Pitching for Great Lakes Loons : RHP Arturo Naranjo
|
|
Batting: RHB Yutaka Oki
|
0-0: Ball 1-0: Foul Ball, location: 2F 1-1: Ground out 5-3 (Groundball, 56, EV 95.0 MPH)
|
|
Batting: RHB Miguel Gonzalez
|
0-0: Called Strike 0-1: Ball 1-1: Foul Ball, location: 2F 1-2: Foul Ball, location: 2F 1-2: Strikes out looking
|
|
Batting: RHB Adam Solesbee
|
0-0: Called Strike 0-1: SINGLE (Groundball, 6MD, EV 105.6 MPH)
|
|
Pitching: LHP Dave Burridge
|
|
|
Batting: LHB Tony Galvan
|
0-0: Foul Ball, location: 2F 0-1: Ball 1-1: Ball 2-1: Swinging Strike 2-2: Ball Wild Pitch! Adam Solesbee to second 3-2: Fly out, F9 (Flyball, 9D, EV 81.9 MPH)
|
| Bottom of the 7th over - 0 runs, 1 hit, 0 errors, 1 left on base; Great Lakes 1 - Augusta 4 |
| TOP OF THE 8TH |
|
Great Lakes Loons batting - Pitching for Augusta GreenJackets : RHP Brian Yinger
|
|
Batting: RHB Roberto Monzon
|
0-0: Fly out, F8 (Flyball, 89S, EV 91.2 MPH)
|
|
Pinch Hitting: LHB Kevin Wiebe
|
0-0: Called Strike 0-1: Ball 1-1: Foul Ball, location: 2F 1-2: Ball 2-2: Ground out 4-3 (Groundball, 4, EV 101.2 MPH)
|
|
Batting: SHB Todd Hewitt
|
0-0: Ball 1-0: Ground out 6-3 (Groundball, 6, EV 108.1 MPH)
|
| Top of the 8th over - 0 runs, 0 hits, 0 errors, 0 left on base; Great Lakes 1 - Augusta 4 |
| BOTTOM OF THE 8TH |
|
Augusta GreenJackets batting - Pitching for Great Lakes Loons : LHP Dave Burridge
|
|
Pitching: RHP Justin Gasper
|
|
|
Now at SS: Luis Grajeda
|
|
|
Batting: RHB Justin Baldwin
|
0-0: Called Strike 0-1: Foul Ball, location: 2F 0-2: Ball 1-2: SINGLE (Line Drive, 8RS, EV 108.1 MPH)
|
|
Batting: LHB John Whitman
|
0-0: Bunted foul 0-1: Sac Bunt to 2L - play at first, batter OUT! 2-3 Justin Baldwin to second
|
|
Batting: LHB James Wheaton
|
0-0: Intentional Walk
|
|
Batting: RHB Devin Lowery
|
0-0: Called Strike 0-1: Called Strike 0-2: Fielders Choice at 2nd, 6-4 (Groundball, 6, EV 85.0 MPH) Justin Baldwin to third
|
|
Batting: RHB Mike Jones
|
0-0: Called Strike 0-1: Ball 1-1: Fielders Choice at 2nd, 5-4 (Groundball, 56D, EV 80.6 MPH)
|
| Bottom of the 8th over - 0 runs, 1 hit, 0 errors, 2 left on base; Great Lakes 1 - Augusta 4 |
| TOP OF THE 9TH |
|
Great Lakes Loons batting - Pitching for Augusta GreenJackets : RHP Brian Yinger
|
|
Pitching: LHP Caleb Mullinax
|
|
|
Batting: RHB Manny Mendoza
|
0-0: Foul Ball, location: 2F 0-1: Foul Ball, location: 2F 0-2: Foul Ball, location: 2F 0-2: Foul Ball, location: 2F 0-2: Strikes out swinging
|
|
Batting: RHB Blake Beale
|
0-0: Foul Ball, location: 2F 0-1: Ball 1-1: SINGLE (Groundball, 56D, EV 97.5 MPH)
|
|
Batting: RHB Ryan Alban
|
0-0: Called Strike Pickoff Throw to First - Out! 1-3 0-1: Ball 1-1: Swinging Strike 1-2: Strikes out swinging
|
| Top of the 9th over - 0 runs, 1 hit, 0 errors, 0 left on base; Great Lakes 1 - Augusta 4 |
|